 Dungeon Crawl Stone Soup version 0.19-a0-1841-gf1e0166 (webtiles) character file.

665 Proteus the Covert (level 7, 0/49 HPs)
             Began as a Spriggan Assassin on Oct 9, 2016.
             Was a Follower of Okawaru.
             Slain by a scorpion (4 damage)
             ... on level 4 of the Dungeon.
             The game lasted 00:26:31 (5588 turns).

Proteus the Covert (Spriggan Assassin)              Turns: 5588, Time: 00:26:31

Health: 0/49       AC:  3    Str: 15    XL:     7   Next: 31%
Magic:  8/8        EV: 17    Int: 12    God:    Okawaru [*.....]
Gold:   171        SH:  0    Dex: 20    Spells: 0 memorised, 6 levels left

rFire  . . .     SeeInvis +     a - +2 dagger
rCold  . . .     Gourm    .     c - +0 robe
rNeg   . . .     Faith    .     (shield restricted)
rPois  .         Spirit   .     (helmet restricted)
rElec  .         Dismiss  .     d - +0 cloak
rCorr  .         Reflect  .     (gloves unavailable)
MR     +....     Harm     .     (boots unavailable)
Stlth  ..........               m - amulet of rage
                                (no ring)
                                h - +3 ring of strength

@: berserking, very quick
A: unfitting armour, see invisible, herbivore 3, speed 3, slow metabolism 2
a: Heroism, Renounce Religion, Evoke Berserk Rage


You were on level 4 of the Dungeon.
You worshipped Okawaru.
Okawaru was aware of your devotion.
You were not hungry.

You visited 1 branch of the dungeon, and saw 4 of its levels.

You collected 171 gold pieces.

Inventory:

Hand Weapons
 a - a +2 dagger (weapon)
 b - a +0 blowgun
Missiles
 e - 31 poisoned needles
 v - a throwing net (quivered)
 w - 2 curare-tipped needles
Armour
 c - a +0 robe (worn)
 d - a +0 cloak (worn)
Jewellery
 h - a +3 ring of strength (left hand)
 m - an amulet of rage (around neck)
 n - a cursed amulet of inaccuracy {unknown}
Wands
 f - a wand of digging (1/24)
 t - a wand of digging (10/24)
Scrolls
 i - 2 scrolls of teleportation
 o - 2 scrolls of remove curse
 x - a scroll of fear
Potions
 k - a potion of flight
 l - a potion of degeneration {unknown}
 p - a potion of magic {unknown}
 q - a potion of berserk rage {unknown}
 r - a potion of brilliance {unknown}
 s - a potion of agility {unknown}
 u - a potion of haste
Comestibles
 g - a bread ration
 j - 7 fruits


   Skills:
 - Level 1.5 Fighting
 - Level 2.1 Short Blades
 - Level 2.0 Throwing
 - Level 1.5 Dodging
 + Level 13.2 Stealth


You had 6 spell levels left.
You didn't know any spells.

Dungeon Overview and Level Annotations

Branches:
Dungeon (4/15)
 Temple: D:4-7

Altars:
Kikubaaqudgha
Okawaru


Innate Abilities, Weirdness & Mutations

You are very small and have problems with some larger weapons.
You are too small for most types of armour.
You have supernaturally acute eyesight. (SInv)
You are a herbivore.
You cover ground extremely quickly.
You need consume almost no food.


Message History

Okawaru accepts your kill.
You closely miss the scorpion.
The orc priest invokes the aid of Beogh against you.
Beogh smites you!
* * * LOW HITPOINT WARNING * * *
You are too injured to fight recklessly!
You are too injured to fight recklessly!
You are too injured to fight recklessly!
You are too injured to fight recklessly!
You are too injured to fight recklessly!
You are too injured to fight recklessly!
You are too injured to fight recklessly!
You are too injured to fight recklessly!
You puncture the scorpion!
The scorpion is severely wounded.
The scorpion closely misses you.
You hit the scorpion.
The scorpion is severely wounded.
The scorpion stings you.
You die...

........##.##........
###### #.
#...............
.....####
##.##.)##.##........
........#
#...#..##..o........
####.##.#
#...#.)######o#####.
# #..##.#
...#..######.# # #
#.###.#
#.###.#...$....o# #
#.# #.#
#........#####...#
###.###.# #####@####
#.....# ........# #s#
#oo.o...# #...######


Ooo #.........# ........... ..... +..O......+ #...####### ...#.## #......(..#
##..# #.#. .# ##.......## ##.# #.## ## #..# # ##.# You could see an ogre, a
scorpion, an orc priest and an orc.

Vanquished Creatures
  Sigmund (D:4)
  Eustachio (D:4)
  A scorpion (D:4)
  2 hounds (D:4)
  An orc wizard (D:4)
  3 worker ants
  An iguana (D:4)
  4 gnolls (D:4)
  A howler monkey skeleton (D:4)
  An adder (D:3)
  2 adder skeletons (D:4)
  2 dart slugs
  4 orcs
  2 bat zombies (D:2)
  7 giant cockroaches
  5 goblins
  9 hobgoblins
  6 jackals
  2 quokkas (D:3)
  3 ball pythons
  6 bats
  3 frilled lizards
  A jackal skeleton (D:4)
  A kobold (D:2)
  6 rats
  A rat zombie (D:2)
76 creatures vanquished.

Notes
Turn   | Place    | Note
-------+----------+-------------------------------------------
     0 | D:1      | Proteus the Spriggan Assassin began the quest for the Orb.
     0 | D:1      | Reached XP level 1. HP: 10/10 MP: 2/2
    38 | D:1      | Reached skill level 6 in Stealth
   214 | D:1      | Reached XP level 2. HP: 14/14 MP: 3/3
   465 | D:1      | Reached skill level 7 in Stealth
   620 | D:1      | Found an iron altar of Okawaru.
   628 | D:1      | Became a worshipper of Warmaster Okawaru
  1192 | D:2      | Reached XP level 3. HP: 18/18 MP: 4/4
  1897 | D:2      | Found an ancient bone altar of Kikubaaqudgha.
  2088 | D:3      | Reached skill level 8 in Stealth
  2237 | D:3      | Reached XP level 4. HP: 22/22 MP: 5/5
  2791 | D:3      | Reached skill level 9 in Stealth
  3042 | D:4      | Reached XP level 5. HP: 25/25 MP: 6/6
  3523 | D:4      | Reached * piety under Okawaru
  3523 | D:4      | Reached skill level 10 in Stealth
  4024 | D:4      | Reached skill level 11 in Stealth
  4024 | D:4      | Reached XP level 6. HP: 13/30 MP: 7/7
  4226 | D:4      | Noticed Sigmund
  4275 | D:4      | Killed Sigmund
  4275 | D:4      | Reached skill level 12 in Stealth
  4919 | D:4      | Noticed Eustachio
  5397 | D:4      | Killed Eustachio
  5397 | D:4      | Reached skill level 13 in Stealth
  5397 | D:4      | Reached XP level 7. HP: 33/33 MP: 8/8
  5588 | D:4      | Slain by a scorpion

Vault maps used:
D:1:      doesnt_arrival_goblin_jail, kennysheep_nondescript,
          okawaru_ov_weapons_minmay
D:2:      lemuel_zombie_altar_kikubaaqudgha
D:3:      nrook_uturn
D:4:      uniq_eustachio, uniq_sigmund

Skill      XL: |  1  2  3  4  5  6 |
---------------+-------------------+-----
Stealth        | 6 7 8 9 11 13 | 13.2
Fighting       | |  1.5
Short Blades   | |  2.1
Throwing       | |  2.0
Dodging        | |  1.5

Action                   |  1- 3 |  4- 6 |  7- 9 || total
-------------------------+-------+-------+-------++-------
Melee: Dagger            |   161 |   181 |    27 ||   369
 Fire: Blowgun           |       |    44 |       ||    44
Throw: Throwing net      |       |     4 |       ||     4
 Abil: Evoke Berserk Rag |       |     1 |     1 ||     2
  Use: Scroll            |     8 |     3 |       ||    11
       Potion            |       |     5 |       ||     5
 Stab: Sleeping          |    16 |     6 |       ||    22
       Held in net/web   |       |     2 |       ||     2
  Eat: Royal jelly       |       |     1 |       ||     1
       Fruit             |       |     5 |       ||     5
Armor: Robe              |    24 |    19 |     2 ||    45
Dodge: Dodged            |   132 |   144 |    10 ||   286
